 Dungeon Crawl Stone Soup version 0.31-a0-237-g2d982f9f85 (webtiles) character file.

Game seed: 5029909740221104771

2765 HallandMoats the Fighter (level 9, -10/81 HPs)
             Began as a Demonspawn Fighter on July 11, 2023.
             Mangled by a swamp worm (12 damage)
             ... on level 7 of the Dungeon.
             The game lasted 00:10:07 (7209 turns).

HallandMoats the Fighter (Demonspawn Fighter)       Turns: 7209, Time: 00:10:08

Health: -10/81     AC: 16    Str: 21    XL:     9   Next: 42%
Magic:  0/9        EV: 10    Int: 10    God:
Gold:   258        SH:  5    Dex: 12    Spells: 8/8 levels left

rFire   + + .        s - +6 hand axe of Veqoer {distort, rF++}
rCold   . . .        c - +0 buckler
rNeg    + . .        p - +1 leather armour of the Ward {rN+}
rPois   .            i - +0 helmet
rElec   .            f - +0 cloak
rCorr   .            t - +0 pair of gloves
SInv    .            (no boots)
Will    .....        (no amulet)
Stlth   +            (no ring)
HPRegen 0.33/turn    (no ring)
MPRegen 0.22/turn

%: guardian spirit
@: sanguine armoured, attractive, studying Fighting
A: hooves 2, magic shield, magic regeneration, sanguine armour 2
a: no special abilities


You were on level 7 of the Dungeon.
You visited 1 branch of the dungeon, and saw 7 of its levels.
You also visited: Sewer and Ossuary.

You collected 258 gold pieces.

Inventory:

Hand Weapons
 s - the +6 hand axe of Veqoer (weapon) {distort, rF++}
   (You found it on level 4 of the Dungeon)

   rF:        It greatly protects you from fire.
Missiles
 r - a throwing net
Armour
 c - a +0 buckler (worn)
 f - a +0 cloak (worn)
 i - a +0 helmet (worn)
 p - the +1 leather armour of the Ward (worn) {rN+}
   (You found it on level 2 of the Dungeon)

   rN:        It protects you from negative energy.
 t - a +0 pair of gloves (worn)
Jewellery
 G - an amulet of the acrobat
Wands
 F - a wand of charming (8)
Scrolls
 b - 10 scrolls of identify {unknown}
 g - a scroll of enchant weapon {unknown}
 j - 4 scrolls of blinking {unknown}
 m - 2 scrolls of immolation
 n - 3 scrolls of poison {unknown}
 o - 2 scrolls of fear {unknown}
 q - 5 scrolls of teleportation {unknown}
 w - a scroll of vulnerability {unknown}
 y - a scroll of butterflies {unknown}
 B - a scroll of enchant armour {unknown}
 C - a scroll of acquirement {unknown}
 E - a scroll of fog {unknown}
 H - a scroll of revelation {unknown}
Potions
 a - 2 potions of attraction
 d - a potion of heal wounds {unknown}
 e - 2 potions of lignification {unknown}
 h - a potion of magic {unknown}
 k - 2 potions of enlightenment {unknown}
 l - 2 potions of cancellation {unknown}
 u - a potion of might
 v - 2 potions of degeneration {unknown}
 x - 3 potions of invisibility {unknown}
 z - a potion of resistance {unknown}
 A - a potion of mutation {unknown}
 D - a potion of ambrosia {unknown}


   Skills:
 * Level 11.3 Fighting
 * Level 7.7 Axes
 - Level 2.6 Armour
 + Level 5.9 Shields


You had 8 spell levels left.
You didn't know any spells.
Your spell library contained the following spells:

 Spells                   Type           Power      Damage    Failure   Level
 Kiss of Death            Conj/Necr      0%         2d5       47%         1
 Confusing Touch          Hex            0%         N/A       85%         3
 Dispel Undead            Necr           0%         3d6       99%         4
 Summon Forest            Summ/Tloc      0%         N/A       100%        5
 Eringya's Noxious Bog    Tmut/Pois      0%         4d6       100%        6
 Summon Hydra             Summ           0%         N/A       100%        7


Dungeon Overview and Level Annotations

Branches:
Dungeon (7/15)              Sewer (visited)         Ossuary (visited)
 Temple: D:4-7

Altars:
Hepliaklqana
Ru
Wu Jian
Xom
Yredelemnul

Annotations:
D:6 1 runed translucent door, epsilonplus's ghost, novice DrTm


Innate Abilities, Weirdness & Mutations

You have hoof-like feet.
When hurt, damage is shared between your health and your magic reserves.
You regenerate magic rapidly.
When seriously injured, your blood forms thick armour. (AC +9)


Message History

You hit the plant.
Space warps horribly around the plant!!
You slash the plant!
Space warps around the plant.
The swamp worm bites the plant! x2
Your unstable footing causes you to fumble your attack.
The swamp worm bites the plant!!
The swamp worm bites the plant.
You slash the plant! You kick the plant, but do no damage.
The plant is moderately damaged.
You hit the plant but do no damage.
Space warps around the plant.
You slash the plant!
Space warps around the plant.
A nearby plant withers and dies. x2; The swamp worm bites the plant!
The swamp worm bites the plant!!
The swamp worm bites the plant!
A nearby plant withers and dies. x2; The swamp worm closely misses you.
The swamp worm fires a harpoon shot at you.
The harpoon shot hits you!
You are yanked forward by the harpoon shot.
Splash!
The swamp worm bites you!
The swamp worm attacks as you move away!
The swamp worm bites you!
Your blood congeals into armour.
The swamp worm bites you but does no damage.
The swamp worm attacks as you move away!
The swamp worm barely misses you. The swamp worm bites you!
The swamp worm closely misses you.
You hit the swamp worm.
Space warps around the swamp worm!
Your kick misses the swamp worm.
The swamp worm is heavily wounded.
You slash the swamp worm!
Space warps around the swamp worm.
The swamp worm bites you but does no damage.
The swamp worm bites you!
Unknown command.
You hit the swamp worm.
Space warps around the swamp worm.
Your kick misses the swamp worm.
The swamp worm is heavily wounded.
You barely miss the swamp worm. The swamp worm bites you!
* * * LOW HITPOINT WARNING * * *
The swamp worm bites you!
* * * LOW HITPOINT WARNING * * *
It was a potion of attraction.
You feel attractive to monsters. You block the swamp worm's attack.
The swamp worm bites you!
You die...

# ###..##
#8###8#... .##
.........# ..###
.........## #~~~~~
..........##~~≈~≈~
#<..~~~~# #
###~~≈###~###
#.~~~#~~~~?#
#@w~~~~~~~~~
#.w~~#~~=~~#
#.~~≈###~###
#..~~~~ #
......~~≈~
......##~~~~
...#...# ###.
$.......


You could see 2 swamp worms.

Vanquished Creatures
  An unseen horror (D:6)
  3 yaks (D:6)
  An orc warrior (D:6)
  3 phantoms
  3 elf zombies (Ossuary)
  4 human zombies (Ossuary)
  3 centaur zombies (Ossuary)
  3 hounds
  4 orc priests (D:4)
  2 jellies (D:6)
  2 orc wizards
  Ijyb (D:4)
  Natasha (thrice) (D:2)
  3 iguanas
  A sleepcap (D:4)
  3 mummies (Ossuary)
  Robin (D:4)
  10 gnolls
  9 adders
  A river rat (Sewer)
  4 worms
  4 dart slugs
  15 orcs
  7 ball pythons
  11 bats
  9 endoplasms
  8 giant cockroaches
  10 goblins
  6 hobgoblins
  2 jackals (D:3)
  10 quokkas
  4 frilled lizards
  18 kobolds
  10 rats
179 creatures vanquished.

Vanquished Creatures (others)
  A hobgoblin (D:4)
1 creature vanquished.

Grand Total: 180 creatures vanquished

Notes
Turn   | Place    | Note
-------+----------+-------------------------------------------
     0 | D:1      | HallandMoats the Demonspawn Fighter began the quest for the
                  | Orb.
     0 | D:1      | Reached XP level 1. HP: 18/18 MP: 1/1
    99 | D:1      | Gained mutation: When seriously injured, your blood forms
                  | armour. (AC +9) [demonic ancestry]
    99 | D:1      | Reached XP level 2. HP: 13/24 MP: 2/2
   670 | D:2      | Gained mutation: When seriously injured, your blood forms
                  | thick armour. (AC +9) [demonic ancestry]
   670 | D:2      | Reached XP level 3. HP: 29/29 MP: 3/3
   864 | D:2      | Gained mutation: You have large cloven feet. [demonic
                  | ancestry]
   864 | D:2      | Reached XP level 4. HP: 30/37 MP: 4/4
   938 | D:2      | Found a faded altar of an unknown god.
   976 | D:2      | Noticed Natasha
   979 | D:2      | Killed Natasha
   980 | D:2      | Reached skill level 4 in Fighting
  1304 | D:2      | Gained mutation: You regenerate magic rapidly. [demonic
                  | ancestry]
  1304 | D:2      | Reached XP level 5. HP: 39/42 MP: 5/5
  1347 | D:2      | Noticed Natasha
  1359 | D:2      | Killed Natasha
  1462 | D:2      | Identified the +1 leather armour of the Ward {rN+}
  1576 | D:2      | Noticed Natasha
  1589 | D:2      | Killed Natasha
  2073 | D:3      | Gained mutation: When hurt, damage is shared between your
                  | health and your magic reserves. [demonic ancestry]
  2073 | D:3      | Reached XP level 6. HP: 27/48 MP: 6/6
  2356 | D:3      | Reached skill level 5 in Fighting
  2669 | D:4      | Identified the +6 hand axe of Veqoer {distort, rF++}
  2744 | D:4      | Noticed Ijyb
  2749 | D:4      | Noticed Robin
  2752 | D:4      | Killed Ijyb
  2754 | D:4      | Killed Robin
  2817 | D:4      | Found a sand-covered staircase.
  2847 | Ossuary  | Entered an ossuary
  2871 | Ossuary  | Reached skill level 6 in Fighting
  2885 | Ossuary  | Gained mutation: You have hoof-like feet. [demonic
                  | ancestry]
  2885 | Ossuary  | Reached XP level 7. HP: 44/58 MP: 7/7
  3021 | Ossuary  | Reached skill level 7 in Fighting
  3021 | Ossuary  | Reached skill level 5 in Axes
  3074 | Ossuary  | Reached XP level 8. HP: 68/68 MP: 8/8
  4767 | D:4      | Reached skill level 8 in Fighting
  4868 | D:4      | Found a hazy altar of Hepliaklqana.
  4884 | D:4      | Found a sacrificial altar of Ru.
  4898 | D:5      | Entered Level 5 of the Dungeon
  4985 | D:5      | Found a glowing drain.
  5002 | Sewer    | Entered a sewer
  5813 | D:6      | Reached skill level 9 in Fighting
  5813 | D:6      | Reached skill level 5 in Shields
  6075 | D:6      | Reached skill level 10 in Fighting
  6076 | D:6      | Reached XP level 9. HP: 40/78 MP: 6/9
  6349 | D:6      | Found a runed translucent door.
  6349 | D:6      | Noticed epsilonplus's ghost (novice DrTm)
  6612 | D:6      | Found a shimmering altar of Xom.
  6617 | D:6      | Found a basalt altar of Yredelemnul.
  6835 | D:6      | Found an ornate altar of the Wu Jian Council.
  6969 | D:6      | Killed an unseen horror
  6970 | D:6      | Reached skill level 11 in Fighting
  7208 | D:7      | HP: 2/81 [swamp worm (14)]
  7209 | D:7      | Mangled by a swamp worm

Illustrated notes

Levels and vault maps discovered:
D:1:      dpeg_arrival_houses_and_road, layout_rooms
D:2:      layout_basic, dreamdust_ecumenical_altar_hidden_monk_grotto,
          uniq_natasha
D:3:      minmay_octagon_keep, layout_basic, mainiacjoe_overflow_boulevard,
          serial_park_tiny_2
D:4:      layout_rooms, mainiacjoe_overflow_swirl, enter_ossuary_3,
          corexii_leaking_fountain, nicolae_goblin_pals
D:5:      layout_cave_pools, gup_sewer_entry_pipe, moated_statue,
          kennysheep_small_circle
D:6:      layout_basic, nicolae_overflow_hidden_temple,
          ebering_ghost_inner_flame
D:7:      layout_rooms, nicolae_tso_carved_into_rock,
          minmay_temple_entry_purple_smoke, enter_bailey_3, serial_corexii_hall,
          chequers_hall_statues_y, corexii_hall_statues_x, worms_lemuel

Skill      XL: |  1  2  3  4  5  6  7  8  9 |
---------------+----------------------------+-----
Axes           | 2 3 4 5 7 |  7.7
Shields        | 3 4 5 |  5.9
Fighting       | 4 6 7 10 11 | 11.3
Armour         | |  2.6

Action                     |  1- 3 |  4- 6 |  7- 9 || total
---------------------------+-------+-------+-------++-------
  Melee: War axe           |    89 |   116 |       ||   205
         Kick              |       |    53 |    40 ||    93
         Mace              |       |    55 |       ||    55
         Hand axe          |       |    36 |   172 ||   208
    Use: Potion            |       |     1 |     1 ||     2
 Armour: Scale mail        |    45 |       |       ||    45
         Ring mail         |    38 |    16 |       ||    54
         Leather armour    |       |    81 |    46 ||   127
  Dodge: Dodged            |    60 |   113 |    50 ||   223
  Block: Buckler           |    48 |    45 |    23 ||   116

Table legend: (Time is in decaauts)
 A = Elapsed time spent in this place.
 B = Non-inter-level travel time spent in this place.
 C = Inter-level travel time spent in this place.
 D = Time resting spent in this place.
 E = Time spent auto-exploring this place.
 F = Levels seen in this place.
 G = Mean time per level.
                   A        B        C        D        E       F      G
               +--------+--------+--------+--------+--------+-----+--------+
         Total |   7393 |   7271 |    122 |   2037 |   3695 |   9 |  821.4 |
       Dungeon |   5203 |   5081 |    122 |    473 |   3402 |   7 |  743.3 |
         Sewer |    411 |    411 |      0 |      0 |    236 |   1 |  411.0 |
       Ossuary |   1778 |   1778 |      0 |   1564 |     56 |   1 | 1778.0 |
               +--------+--------+--------+--------+--------+-----+--------+

Top non-repeatable levels by time:
 Ossuary: 1778 daAuts
     D:6: 1403 daAuts
     D:2: 1124 daAuts
     D:3: 950 daAuts
     D:1: 666 daAuts
     D:5: 549 daAuts
     D:4: 487 daAuts
   Sewer: 411 daAuts
     D:7: 23 daAuts
